 Dungeon Crawl Stone Soup version 0.22-a0-605-g9281fa2 (webtiles) character file.

21212 Mamutox the Basher (level 12, -25/126 HPs)
             Began as a Troll Fighter on July 8, 2018.
             Was a High Priest of Okawaru.
             Killed from afar by a frost giant (54 damage)
             ... with a bolt of cold
             ... in an ice cave.
             The game lasted 00:41:29 (10303 turns).

Mamutox the Basher (Troll Fighter)                 Turns: 10303, Time: 00:41:29

Health: -25/126    AC: 14    Str: 27    XL:     12   Next: 52%
Magic:  15/15      EV: 10    Int:  4    God:    Okawaru [*****.]
Gold:   595        SH: 12    Dex: 13    Spells: 11/11 levels left

rFire    . . .     SeeInvis .   K - +2 flail (holy)
rCold    . . .     Gourm    +   c - +0 shield
rNeg     . . .     Faith    .   b - +0 robe
rPois    .         Spirit   .   (helmet restricted)
rElec    .         Reflect  .   u - +2 cloak
rCorr    .         Harm     .   (gloves unavailable)
MR       .....                  (boots unavailable)
Stlth    +.........             O - amulet of regeneration
HPRegen  1.11/turn              v - +3 ring of protection
MPRegen  0.14/turn              H - +3 ring of protection

@: very slightly contaminated, invisible, very slow
A: large, unfitting armour, claws 3, fast metabolism 3, gourmand, regeneration
1, shaggy fur 1, tough skin 2
a: Heroism, Finesse, Renounce Religion


You were in an ice cave.
You worshipped Okawaru.
Okawaru was extremely pleased with you.
You were very full.

You visited 2 branches of the dungeon, and saw 12 of its levels.
You also visited: Ice Cave.

You collected 595 gold pieces.

Inventory:

Hand Weapons
 J - a +0 blowgun
 K - a +2 flail of holy wrath (weapon)
 M - a +0 giant spiked club
 P - a +1 mace of protection
 R - a +5 mace
Missiles
 e - 95 poisoned needles
 s - 3 tomahawks of dispersal (quivered)
Armour
 b - a +0 robe (worn)
 c - a +0 shield (worn)
 u - a +2 cloak (worn)
 U - a scarf of spirit shield
Jewellery
 v - a +3 ring of protection (left claw)
 C - an uncursed amulet of rage
 D - an uncursed ring of protection from cold
 H - a +3 ring of protection (right claw)
 O - an amulet of regeneration (around neck)
 T - a cursed amulet of inaccuracy {unknown}
Wands
 m - a wand of iceblast (20)
 o - a wand of flame (29)
 A - a wand of paralysis (27)
 B - a wand of polymorph (9)
 E - a wand of random effects (44)
 G - a wand of enslavement (7)
 Q - a wand of digging (20)
Scrolls
 a - a scroll of enchant armour {unknown}
 h - a scroll of vulnerability {unknown}
 l - 5 scrolls of remove curse
 p - a scroll of random uselessness {unknown}
 q - 11 scrolls of teleportation
 y - a scroll of noise {unknown}
 z - 2 scrolls of fear
 F - 3 scrolls of magic mapping {unknown}
 N - a scroll of fog {unknown}
Potions
 d - 2 potions of might
 i - 2 potions of heal wounds
 j - 7 potions of curing
 k - 2 potions of berserk rage
 n - 3 potions of mutation
 r - 2 potions of brilliance
 t - a potion of cancellation
 w - a potion of ambrosia {unknown}
 x - a potion of invisibility
 I - a potion of resistance {unknown}
 L - a potion of lignification {unknown}
Comestibles
 f - 13 rations
 g - 9 chunks of flesh


   Skills:
 + Level 10.1 Fighting
 + Level 10.8 Maces & Flails
 - Level 2.4 Dodging
 + Level 10.1 Shields
 - Level 6.4 Invocations


You had 11 spell levels left.
You didn't know any spells.
Your spell library contained the following spells:

 Spells                   Type           Power        Failure   Level  Hunger
 Spider Form              Tmut/Pois      #.........   86%         3    ####...
 Blade Hands              Tmut           #.........   100%        5    ######.
 Ice Form                 Ice/Tmut       #.......     99%         4    #####..
 Sticks to Snakes         Tmut           #.......     65%         2    ###....
 Beastly Appendage        Tmut           #.....       50%         1    ##.....


Dungeon Overview and Level Annotations

Branches:
Dungeon (11/15)            Temple (1/1) D:5
   Lair: D:8-11         Orc: D:9-12

Altars:
Ashenzari
Cheibriados
Dithmenos
Elyvilon
Fedhas
Gozag
Hepliaklqana
Kikubaaqudgha
Makhleb
Nemelex Xobeh
Okawaru
Qazlal
Ru
Sif Muna
Trog
Uskayaw
Vehumet
Wu Jian
Xom
Yredelemnul
Zin
The Shining One

Shops:
D:9 =


Innate Abilities, Weirdness & Mutations

You are too large for most types of armour.
You have claws for hands.
Your metabolism is lightning-fast.
You like to eat raw meat.
Your natural rate of healing is unusually fast.
You are covered in fur. (AC +1)
You have very tough skin. (AC +2)


Message History

You see here a yak corpse.
You feel like a meek peon again.
The frost giant points at you and mumbles some strange words.
The bolt of cold hits you!
You hear an angry growl.
You hear an angry growl.
The frost giant casts a spell at you. The bolt of cold hits you!
Okay, then.
The frost giant gestures at you while chanting.
The bolt of cold hits you!
* * * LOW HITPOINT WARNING * * *
You fade into invisibility!
You are very lightly contaminated with residual magic.
You enter the shallow water.
Moving in this stuff is going to be slow. ...and don't expect to remain undetected.
The frost giant gestures at you while chanting.
The bolt of cold hits you!
You die...

# ##### ..##÷C.#######
###### #C..##...#..#
##≈≈≈≈≈
########..#..#######≈≈≈#
#.C#####.@≈#≈≈≈#
##..##..≈#≈≈≈≈##
###.C.##≈≈≈#≈≈####
#####≈≈≈####≈≈.##
#≈≈#≈≈≈≈ ###..# #
≈≈≈≈≈≈≈≈≈###..## ###
≈≈≈≈≈≈≈≈####..## ###.÷
≈≈#≈#≈≈## ###..# ##...#
#≈≈≈≈≈# ##...## #...##


You could see a frost giant.

Vanquished Creatures
  A hydra (D:11)
  2 two-headed ogres
  A skeletal warrior (D:10)
  An unseen horror (D:11)
  A centaur zombie (D:10)
  2 rime drakes (D:11)
  16 polar bears (IceCv)
  6 hippogriffs
  A shadow (D:11)
  Sigmund (D:2)
  18 yaks
  A hungry ghost (D:6)
  A steam dragon (D:8)
  Menkaure (D:7)
  A water moccasin (D:10)
  An orc warrior (D:10)
  A sky beast (D:10)
  A black bear (D:11)
  6 ogres
  3 phantoms
  An eye of draining (D:10)
  10 wolves (IceCv)
  3 centaurs
  3 big kobolds
  5 bullfrogs
  A gnoll sergeant (D:10)
  2 wyvern zombies
  A wyvern skeleton (D:8)
  A water moccasin skeleton (D:5)
  2 scorpions (D:9)
  15 killer bees
  8 wights
  3 howler monkeys
  4 crimson imps
  2 jellies
  2 quasits
  2 hounds
  A centaur skeleton (D:5)
  An orc priest (D:7)
  A bullfrog skeleton (D:11)
  4 orc wizards
  6 iguanas
  9 worker ants
  A hound skeleton (D:4)
  A howler monkey zombie (D:8)
  A howler monkey skeleton (D:7)
  5 gnolls (D:10)
  9 adders
  2 shadow imps
  2 oozes (D:1)
  A worm zombie (D:7)
  2 adder skeletons (D:8)
  An adder zombie (D:9)
  2 worms (D:2)
  3 dart slugs
  5 leopard geckos
  12 orcs
  6 bats
  5 giant cockroaches
  A gnoll zombie (D:7)
  10 goblins
  4 hobgoblins
  3 jackals
  A quokka (D:8)
  A ball python (D:4)
  7 frilled lizards
  A goblin zombie (D:7)
  20 kobolds
  2 quokka skeletons
  11 rats
272 creatures vanquished.

Vanquished Creatures (others)
  2 polar bears (IceCv)
  5 wolves (IceCv)
  4 toadstools (D:1)
11 creatures vanquished.

Grand Total: 283 creatures vanquished

Notes
Turn   | Place    | Note
-------+----------+-------------------------------------------
     0 | D:1      | Mamutox the Troll Fighter began the quest for the Orb.
     0 | D:1      | Reached XP level 1. HP: 22/22 MP: 0/0
   193 | D:1      | Reached XP level 2. HP: 25/29 MP: 1/1
   407 | D:1      | Reached XP level 3. HP: 32/36 MP: 2/2
  1258 | D:2      | Reached XP level 4. HP: 45/45 MP: 3/3
  1757 | D:2      | Noticed Sigmund
  1763 | D:2      | Killed Sigmund
  1763 | D:2      | Reached XP level 5. HP: 37/53 MP: 4/4
  2101 | D:3      | Found a white marble altar of Elyvilon.
  2206 | D:3      | Reached XP level 6. HP: 62/62 MP: 5/5
  3045 | D:4      | Reached XP level 7. HP: 70/70 MP: 6/6
  3182 | D:5      | Entered Level 5 of the Dungeon
  3185 | D:5      | Found a staircase to the Ecumenical Temple.
  3204 | Temple   | Entered the Ecumenical Temple
  3262 | Temple   | Became a worshipper of Warmaster Okawaru
  3640 | D:5      | Found a sparkling altar of Nemelex Xobeh.
  4151 | D:5      | Found a blossoming altar of Fedhas.
  4216 | D:6      | Found a hazy altar of Hepliaklqana.
  4226 | D:6      | Reached skill level 5 in Fighting
  4226 | D:6      | Reached skill level 5 in Maces & Flails
  4226 | D:6      | Reached skill level 5 in Shields
  4273 | D:6      | Found a deep blue altar of Sif Muna.
  4315 | D:6      | Noticed a hungry ghost
  4361 | D:6      | Paralysed by fainting for 9 turns
  4390 | D:6      | Killed a hungry ghost
  4390 | D:6      | Reached * piety under Okawaru
  4390 | D:6      | Reached XP level 8. HP: 78/80 MP: 7/7
  4665 | D:7      | Found a bloodstained altar of Trog.
  4717 | D:7      | Noticed Menkaure
  4755 | D:7      | Noticed a hippogriff
  4883 | D:6      | HP: 2/81 [yak (16)]
  4884 | D:6      | Reached ** piety under Okawaru
  5206 | D:7      | Reached XP level 9. HP: 70/89 MP: 8/8
  5405 | D:7      | Found a radiant altar of Vehumet.
  5435 | D:7      | Killed Menkaure
  5435 | D:7      | Reached *** piety under Okawaru
  6046 | D:8      | Noticed a two-headed ogre
  6288 | D:8      | Killed a two-headed ogre
  6288 | D:8      | Reached **** piety under Okawaru
  6288 | D:8      | Reached XP level 10. HP: 73/102 MP: 6/9
  6462 | D:8      | Reached skill level 1 in Invocations
  6777 | D:8      | Reached XP level 11. HP: 113/113 MP: 10/14
  7105 | D:9      | Found an ancient bone altar of Kikubaaqudgha.
  7225 | D:9      | Found an opulent altar of Gozag.
  7281 | D:9      | Found a glowing golden altar of the Shining One.
  7326 | D:9      | Found a glowing silver altar of Zin.
  7372 | D:9      | Found Waowai's Jewellery Shop.
  7374 | D:9      | Found a hide-covered altar of Uskayaw.
  7381 | D:9      | Found a snail-covered altar of Cheibriados.
  7687 | D:10     | Entered Level 10 of the Dungeon
  7906 | D:10     | Noticed a two-headed ogre
  7917 | D:10     | Killed a two-headed ogre
  7917 | D:10     | Reached ***** piety under Okawaru
  8743 | D:11     | Noticed a four-headed hydra
  8760 | D:11     | Killed a four-headed hydra
  9079 | D:11     | Noticed a skeletal warrior
  9079 | D:11     | Noticed a skeletal warrior
  9080 | D:11     | Noticed a skeletal warrior
  9115 | D:10     | Killed a skeletal warrior
  9227 | D:11     | Killed an unseen horror
  9227 | D:11     | Reached skill level 10 in Maces & Flails
  9306 | D:11     | Found a frozen archway.
  9324 | D:11     | Reached XP level 12. HP: 102/124 MP: 11/15
  9355 | IceCv    | Entered an ice cave
  9567 | IceCv    | Received a gift from Okawaru
  9927 | IceCv    | Reached skill level 10 in Shields
  9933 | IceCv    | Reached skill level 10 in Fighting
 10070 | IceCv    | Noticed a frost giant
 10303 | IceCv    | Killed from afar by a frost giant

Vault maps used:
D:1:      ldierk_water_garden
D:2:      wad_river_or_something, uniq_sigmund
D:3:      overflow_temple_1_default, first_ration, nrook_mini_vaults
D:5:      lemuel_round_altar, minmay_temple_entry_butterflies,
          nemelex_spade_bored_becter
D:6:      nicolae_overflow_hidden_temple, led_sif_pool, minmay_misc_feat_columns
D:7:      kennysheep_mini, basic_altar, enter_ossuary_3, serial_bayou_pond_a,
          uniq_menkaure
D:9:      overflow_temple_1_default, kiku_gazebo_pond_becter,
          grunt_temple_overflow_open, serial_shops, shop
D:11:     lair_entry_dummy, david_orc_2, serial_ice, serial_ice_k, serial_ice_d,
          serial_ice_g, serial_ice_c, portal_ice_cave_rime
Temple:   minmay_temple_curvy_loop
IceCv:    ice_cave_caverns_03

Skill      XL: |  1  2  3  4  5  6  7  8  9 10 11 12 |
---------------+-------------------------------------+-----
Maces & Flails | 2 3 4 5 6 7 9 10 | 10.8
Shields        | 3 4 5 6 7 8 9 10 | 10.1
Fighting       | 3 4 5 6 7 8 9 10 | 10.1
Invocations    | 6 |  6.4
Dodging        | |  2.4

Action                   |  1- 3 |  4- 6 |  7- 9 | 10-12 || total
-------------------------+-------+-------+-------+-------++-------
Melee: Flail             |   200 |    80 |   417 |   701 ||  1398
Invok: Heroism           |       |       |     1 |    27 ||    28
       Finesse           |       |       |       |     1 ||     1
  Use: Scroll            |       |       |     3 |    10 ||    13
       Potion            |       |       |       |     4 ||     4
 Stab: Sleeping          |     1 |     1 |     1 |     2 ||     5
  Eat: Chunk             |    18 |     9 |    37 |    36 ||   100
       Ration            |       |       |     4 |       ||     4
Armor: Robe              |   121 |    10 |   176 |   239 ||   546
Dodge: Dodged            |   111 |    17 |   166 |   267 ||   561
Block: Shield            |   152 |    31 |   275 |   410 ||   868

Table legend:
 A = Spawn XP
 B = Non-spawn XP
 C = Spawn XP percentage of total XP
 D = Spawn monster count
 E = Non-spawn monster count
 F = Spawn count percentage of total count
 G = Total turns spent on level
                    A         B        C        D         E        F      G
               +---------+---------+-------+---------+---------+-------+---------
         Total |       0 |   23734 |   0.0 |       0 |     272 |   0.0 | 10303
               +---------+---------+-------+---------+---------+-------+---------
           D:1 |       0 |      55 |   0.0 |       0 |      27 |   0.0 |   820
           D:2 |       0 |     268 |   0.0 |       0 |      24 |   0.0 |  1065
           D:3 |       0 |      58 |   0.0 |       0 |       9 |   0.0 |   870
           D:4 |       0 |     435 |   0.0 |       0 |      15 |   0.0 |   438
           D:5 |       0 |     431 |   0.0 |       0 |       8 |   0.0 |   770
           D:6 |       0 |    1174 |   0.0 |       0 |      14 |   0.0 |   803
           D:7 |       0 |    1225 |   0.0 |       0 |      23 |   0.0 |  1032
           D:8 |       0 |    3166 |   0.0 |       0 |      43 |   0.0 |  1072
           D:9 |       0 |    1865 |   0.0 |       0 |      23 |   0.0 |   602
          D:10 |       0 |    3884 |   0.0 |       0 |      35 |   0.0 |  1244
          D:11 |       0 |    3563 |   0.0 |       0 |      15 |   0.0 |   424
         IceCv |       0 |    7610 |   0.0 |       0 |      36 |   0.0 |   948
               +---------+---------+-------+---------+---------+-------+---------
